 Dungeon Crawl Stone Soup version 0.29-a0-321-gf1c400731a (webtiles) character file.

Game seed: 4955124544788772379

225030 Flugslaktarn the Blocker (level 19, -1/140 HPs)
             Began as a Human Venom Mage on Apr 4, 2022.
             Was an Elder of Cheibriados.
             Slain by the Royal Jelly (18 damage)
             ... on level 5 of the Pits of Slime.
             The game lasted 01:42:21 (12700 turns).

Flugslaktarn the Blocker (Human Venom Mage)        Turns: 12700, Time: 01:42:21

Health: -1/140     AC: 16    Str: 25    XL:     19   Next: 56%
Magic:  33/33      EV: 21    Int: 28    God:    Cheibriados [****..]
Gold:   2808       SH: 15    Dex: 25    Spells: 3/38 levels left

rFire   + + +      SeeInvis .   b - +11 rapier "Hesef" {spect, rF+++ Will+ Int-5 Stlth+}
rCold   . . .      Faith    .   N - +0 kite shield
rNeg    . . .      Spirit   .   A - +2 troll leather armour {Pargi}
rPois   .          Reflect  .   M - +2 helmet
rElec   .          Harm     .   X - +2 cloak {Will+}
rCorr   +          Rampage  .   f - +2 pair of gloves {hurl}
Will    +++++                   B - +2 pair of boots
Stlth   +++.......              R - amulet of magic regeneration
HPRegen 1.13/turn               J - ring "Toka" {Will+ AC+4}
MPRegen 0.63/turn               K - ring "Exzes" {Will++ rCorr Str+6 Int+3}

@: mighty, engulfed (cannot breathe), corroded, studying Short Blades, very slow
A: deformed body, dopey 1, no potion heal 1
}: 2/15 runes: serpentine, barnacled
a: Renounce Religion, Bend Time, Temporal Distortion, Slouch


You were on level 5 of the Pits of Slime.
You worshipped Cheibriados.
Cheibriados was greatly pleased with you.
You visited 8 branches of the dungeon, and saw 34 of its levels.
You also visited: Gauntlet.

You collected 3508 gold pieces.
You spent 700 gold pieces at shops.

Inventory:

Hand Weapons
 b - the +11 rapier "Hesef" (weapon) {spect, rF+++ Will+ Int-5 Stlth+}
   (You took it off an orc priest on level 9 of the Dungeon)

   When its wielder attacks, the weapon's spirit leaps out and strikes again.
   The spirit shares a part of any damage it takes with its wielder.
   Int:       It affects your intelligence (-5).
   rF:        It renders you almost immune to fire.
   Will:      It increases your willpower.
   Stlth:     It makes you more stealthy.
 j - the +8 demon trident "Rift" {distort, reach+}
   (You took it off a deep elf annihilator on level 3 of the Elven Halls)

   It warps and distorts space around it, and may blink, banish, or inflict
   extra damage upon those it strikes.
   Unwielding it can cause banishment or high damage.
   It can reach especially far, and its reaching attacks ignore other creatures
   in the way.
Missiles
 C - 24 boomerangs (quivered)
 T - 17 silver javelins
 V - 4 curare-tipped darts
Armour
 f - a +2 pair of gloves of hurling (worn)
   (You found it on level 3 of the Elven Halls)
 A - a +2 troll leather armour (worn) {Pargi}
   (You found it on level 4 of the Dungeon)
 B - a +2 pair of boots (worn)
   (You found it on level 4 of the Dungeon)
 M - a +2 helmet (worn)
   (You found it on level 6 of the Dungeon)
 N - a +0 kite shield (worn)
   (You found it on level 9 of the Dungeon)
 X - a +2 cloak of willpower (worn)
   (You found it in a Gauntlet)
Jewellery
 c - a ring of protection from cold
   (You found it on level 1 of the Shoals)
 i - a ring of see invisible
   (You took it off a minotaur in a Gauntlet)
 k - the ring "Asuih" {rF+ Will+ Slay+2}
   (You took it off a deep elf demonologist on level 3 of the Elven Halls)

   [ring of willpower]

   Slay:      It affects your accuracy & damage with ranged weapons and melee
   (+2).
   rF:        It protects you from fire.
   Will:      It increases your willpower.
 o - a ring of poison resistance
   (You found it on level 3 of the Elven Halls)
 y - a ring of flight
   (You found it on level 4 of the Dungeon)
 J - the ring "Toka" (left hand) {Will+ AC+4}
   (You acquired it on level 4 of the Dungeon)

   [ring of protection]

   AC:        It affects your AC (+4).
   Will:      It increases your willpower.
 K - the ring "Exzes" (right hand) {Will++ rCorr Str+6 Int+3}
   (You found it on level 1 of the Shoals)

   [ring of strength]

   Str:       It affects your strength (+6).
   Int:       It affects your intelligence (+3).
   rCorr:     It protects you from acid and corrosion.
   Will:      It greatly increases your willpower.
 Q - an amulet of regeneration
   (You took it off a deep elf death mage on level 3 of the Elven Halls)
 R - an amulet of magic regeneration (around neck)
   (You bought it in a shop on level 2 of the Orcish Mines)
Wands
 a - a wand of mindburst (6)
   (You found it on level 2 of the Elven Halls)
 D - a wand of iceblast (26)
   (You found it on level 5 of the Dungeon)
 G - a wand of charming (8)
   (You found it on level 7 of the Dungeon)
 H - a wand of acid (7)
   (You found it on level 2 of the Lair of Beasts)
 I - a wand of digging (7)
   (You found it on level 2 of the Elven Halls)
 L - a wand of paralysis (6)
   (You found it on level 8 of the Dungeon)
Scrolls
 e - 4 scrolls of amnesia
 g - 5 scrolls of immolation
 l - 3 scrolls of fog
 m - 2 scrolls of vulnerability
 r - 7 scrolls of identify
 s - 2 scrolls of silence
 t - 2 scrolls of teleportation
 z - a scroll of blinking
 U - a scroll of holy word
 Z - 3 scrolls of magic mapping
Potions
 d - a potion of might
 h - 2 potions of cancellation
 n - a potion of resistance
 q - 4 potions of curing
 E - 5 potions of mutation
 O - a potion of magic
 P - 3 potions of attraction
 S - a potion of ambrosia
 Y - 4 potions of lignification
Miscellaneous
 p - a condenser vane
   (You found it on level 4 of the Snake Pit)
 u - a tin of tremorstones (2/2)
   (You found it on level 3 of the Shoals)
 v - a phantom mirror
   (You found it on level 3 of the Elven Halls)
 F - a box of beasts
   (You found it on level 3 of the Elven Halls)
 W - a phial of floods
   (You found it on level 1 of the Elven Halls)


   Skills:
 - Level 10.0 Fighting
 - Level 11.2 Short Blades
 + Level 8.6 Throwing
 - Level 12.0 Dodging
 - Level 2.0 Stealth
 - Level 13.0 Shields
 - Level 1.2 Unarmed Combat
 - Level 10.0 Spellcasting
 - Level 6.0 Conjurations
 - Level 12.0 Necromancy
 - Level 9.0 Translocations
 - Level 5.0 Transmutations
 - Level 8.0 Ice Magic
 - Level 6.0 Air Magic
 - Level 4.3 Earth Magic
 - Level 7.0 Poison Magic
 - Level 12.0 Invocations
 - Level 7.0 Evocations


You had 3 spell levels left.
You knew the following spells:

 Your Spells              Type           Power      Damage    Failure   Level
a - Sting                 Tmut/Pois      100%       1d8       1%          1
b - Poisonous Vapours     Pois/Air       100%       N/A       1%          2
c - Mephitic Cloud        Conj/Pois/Air  49%        N/A       1%          3
d - Olgreb's Toxic Radia  Pois           52%        N/A       4%          4
e - Ignite Poison         Fire/Tmut/Pois 36%        N/A       4%          3
f - Freezing Cloud        Conj/Ice/Air   25%        6-21      16%         5
g - Passwall              Tmut/Erth      33%        N/A       1%          2
h - Passage of Golubria   Tloc           59%        N/A       2%          4
i - Death Channel         Necr           34%        N/A       10%         6
j - Hailstorm             Conj/Ice       52%        3d12      4%          4
q - Apportation           Tloc           100%       N/A       1%          1

Your spell library contained the following spells:

 Spells                   Type           Power      Damage    Failure   Level
 Beastly Appendage        Tmut           84%        N/A       1%          1
 Static Discharge         Conj/Air       47%        N/A       1%          2
 Sublimation of Blood     Necr           69%        N/A       1%          2
 Wereblood                Tmut           42%        N/A       1%          2
 Ensorcelled Hibernation  Hex/Ice        72%        N/A       2%          2
 Swiftness                Air            47%        N/A       2%          3
 Dazzling Flash           Conj/Hex       60%        N/A       8%          3
 Summon Small Mammal      Summ           56%        N/A       9%          1
 Scorch                   Fire           28%        2d6       13%         2
 Inner Flame              Hex/Fire       14%        N/A       26%         3
 Animate Dead             Necr           34%        N/A       1%          4
 Dispel Undead            Necr           69%        3d23      1%          4
 Iskenderun's Mystic Bla  Conj/Tloc      54%        2d12      4%          4
 Ice Form                 Ice/Tmut       50%        N/A       6%          4
 Alistair's Intoxication  Tmut/Pois      31%        N/A       21%         5
 Simulacrum               Ice/Necr       31%        N/A       22%         6
 Flame Wave               Conj/Fire      30%        2d8       26%         4
 Sticky Flame             Conj/Fire      30%        2d5       26%         4
 Summon Forest            Summ/Tloc      19%        N/A       36%         5
 Silence                  Hex/Air        15%        N/A       56%         5
 Cause Fear               Hex            7%         N/A       65%         4
 Summon Mana Viper        Hex/Summ       14%        N/A       94%         5
 Starburst                Conj/Fire      15%        6d6       98%         6
 Haunt                    Necr/Summ      23%        N/A       99%         7
 Infestation              Necr           34%        N/A       99%         8
 Summon Cactus Giant      Summ           7%         N/A       100%        6
 Summon Hydra             Summ           7%         N/A       100%        7
 Discord                  Hex            7%         N/A       100%        8
 Lehudib's Crystal Spear  Conj/Erth      21%        10d6      100%        8


Dungeon Overview and Level Annotations

Branches:
Dungeon (9/15)             Temple (1/1) D:6            Lair (6/6) D:8
 Shoals (4/4) Lair:2        Snake (4/4) Lair:3        Slime (5/5) Lair:5
    Orc (2/2) D:9             Elf (3/3) Orc:2       Gauntlet (visited)

Altars:
Cheibriados
Dithmenos
Fedhas
Gozag
Hepliaklqana
Kikubaaqudgha
Okawaru
Qazlal
Sif Muna
Trog
Uskayaw
Wu Jian
Xom
Jiyva

Shops:
D:4 (   Orc:2 =(*=[   Elf:1 ((

Annotations:
D:5 2 runed translucent doors, oberejnoburuli's ghost, weakling BaDe
Slime:5 Royal Jelly
Elf:2 3 runed translucent doors


Innate Abilities, Weirdness & Mutations

Armour fits poorly on your strangely shaped body.
You are dopey. (Int -2)
Potions are less effective at restoring your health.


Message History

Your +11 rapier "Hesef" {spect, rF+++ Will+ Int-5 Stlth+} hits the eye of devastation!
You hit the eye of devastation.
The eye of devastation is severely wounded.
Your +11 rapier "Hesef" {spect, rF+++ Will+ Int-5 Stlth+} hits the eye of devastation!
You hit the eye of devastation.
You kill the eye of devastation!
Cheibriados appreciates the change of pace.
What are your orders? t - Shout!
Orders for allies: a - Attack new target. r - Retreat! s - Stop attacking. g - Guard the area. f - Follow me.
Anything else - Cancel.
You shout for attention!
You block the Royal Jelly's attack. The Royal Jelly misses you.
You block the Royal Jelly's attack. The Royal Jelly misses you.
Throw: throwing net
Press: ? - help, Q - select action, (/) - cycle Shift-Dir - straight line, f - Royal Jelly
Aim: the Royal Jelly (88% to hit)
You throw a throwing net. The throwing net hits the Royal Jelly.
The Royal Jelly is caught in the net!
The Royal Jelly struggles against the net.
Unknown command.
You feel very mighty all of a sudden.
The Royal Jelly struggles against the net. x2
You puncture the Royal Jelly!
Your hands burn!
The Royal Jelly is lightly wounded.
Your +11 rapier "Hesef" {spect, rF+++ Will+ Int-5 Stlth+} hits the Royal Jelly!!
Your +11 rapier "Hesef" {spect, rF+++ Will+ Int-5 Stlth+} is burned by acid!
Your spectral weapon shares its damage with you!
The Royal Jelly shudders.
The Royal Jelly spits out another jelly.
The Royal Jelly shudders.
The Royal Jelly spits out another jelly.
The Royal Jelly struggles against the net.
You puncture the Royal Jelly!
Your hands burn!
The Royal Jelly is lightly wounded.
Your +11 rapier "Hesef" {spect, rF+++ Will+ Int-5 Stlth+} hits the Royal Jelly!
Your +11 rapier "Hesef" {spect, rF+++ Will+ Int-5 Stlth+} is burned by acid!
The Royal Jelly shudders.
The Royal Jelly spits out another jelly.
The Royal Jelly shudders.
The Royal Jelly spits out another jelly.
The Royal Jelly struggles against the net.
The net rips apart, and the Royal Jelly comes free!
The quicksilver ooze hits your +11 rapier "Hesef" {spect, rF+++ Will+ Int-5 Stlth+}!
Your spectral weapon shares its damage with you!
The quicksilver ooze barely misses your +11 rapier "Hesef" {spect, rF+++ Will+ Int-5 Stlth+}.
You completely miss the Royal Jelly.
The Royal Jelly is moderately wounded.
Your +11 rapier "Hesef" {spect, rF+++ Will+ Int-5 Stlth+} barely misses the Royal Jelly.
The acid blob misses your +11 rapier "Hesef" {spect, rF+++ Will+ Int-5 Stlth+}.
The quicksilver ooze hits your +11 rapier "Hesef" {spect, rF+++ Will+ Int-5 Stlth+}.
Your spectral weapon shares its damage with you!
The quicksilver ooze misses your +11 rapier "Hesef" {spect, rF+++ Will+ Int-5 Stlth+}.
The quicksilver ooze hits you! The quicksilver ooze engulfs you!
The quicksilver ooze completely misses you.
You block the Royal Jelly's attack. The Royal Jelly hits you!!
You are splashed with acid.
You resist. The acid blob misses you.
You cannot read scrolls while unable to breathe!
Unknown command.
Unknown command.
Unknown command.
Unknown command.
You slip free of the ooze engulfing you.
The Royal Jelly attacks as you move away!
The Royal Jelly barely misses you. The Royal Jelly misses you.
Your lungs strain for air!
You block the quicksilver ooze's attack.
The quicksilver ooze hits you but does no damage.
You block the quicksilver ooze's attack. x2
The acid blob spits acid at you. The splash of acid hits you. You resist.
The Royal Jelly hits you!! The acid corrodes you!
You are splashed with acid.
You resist. The Royal Jelly hits you!!
* * * LOW HITPOINT WARNING * * *
You are splashed with acid.
You resist.
* * * LOW HITPOINT WARNING * * *
The quicksilver ooze barely misses you.
The quicksilver ooze completely misses you.
The acid blob hits you!!
* * * LOW HITPOINT WARNING * * *
You are splashed with acid.
You resist.
* * * LOW HITPOINT WARNING * * *
Unknown command.
Okay, then.
Unknown command.
Enter note: ENGULF
Enter note: FUCK OFF Unknown command.
Unknown command.
You cannot read scrolls while unable to breathe!
Okay, then.
Unknown command.
Your system partially rejects the healing.
You feel much better.
* * * LOW HITPOINT WARNING * * *
Your lungs strain for air!
The Royal Jelly hits you!!
You die...

...........##.#.#.#..............
...........####.### #..........J
..........##!##..##[##.........J.
.........##[!)##.#(![##........J.
........##?)$##..##$[)###........
.......##:)φ)$#.##!=)=(##........
.......##($})##..##?"$=###.G.....
......# ##$(#)##J#)#?(## #.......
......#########J@###### #.......
......J..#...#JJJ.#...#..........
.......#...#...J....#...#........
.......########..#########..G....
......####?)#|##.#)#=)## ........
.......##?[[!##..##$"[)#
.......##=[()?#.##[[$}[#
...^....##$}[##..##!|$##
.........##$)!##.#:)(##...


You could see the Royal Jelly, 2 acid blobs, a rockslime and 2 quicksilver
oozes.

Vanquished Creatures
  Jorgrun (Shoals:1)
  2 deep elf blademasters (Elf:3)
  2 deep elf master archers (Elf:3)
  2 quicksilver dragons (Snake:4)
  11 acid blobs
  A sphinx (Shoals:4)
  Donald (Shoals:1)
  2 rockslimes
  2 nagarajas (Snake:4)
  5 azure jellies
  Aizul (Elf:3)
  An orc warlord (Orc:1)
  4 deep elf sorcerers (Elf:3)
  A quicksilver ooze (Lair:5)
  2 deep elf elementalists (Elf:3)
  2 eleionomae (Shoals:2)
  3 deep elf demonologists (Elf:3)
  6 deep elf annihilators (Elf:3)
  3 minotaurs
  6 merfolk impalers
  A merfolk javelineer (Shoals:3)
  An ettin (Orc:1)
  4 deep elf death magi (Elf:3)
  2 deep elf high priests (Elf:3)
  6 great orbs of eyes
  3 salamander tyrants (Snake:4)
  2 naga warriors (Snake:3)
  2 hydras
  2 merfolk avatars
  A catoblepas (Lair:6)
  A centaur warrior (Shoals:2)
  2 anacondas
  3 merfolk aquamancers
  10 dancing weapons
  11 satyrs
  A death yak (Lair:6)
  2 two-headed ogres
  An alligator snapping turtle (shapeshifter) (Elf:3)
  An orc high priest (Orc:2)
  2 shock serpents (Snake:4)
  4 deep elf knights
  5 naga sharpshooters
  A salamander mystic (Snake:4)
  12 sea snakes
  9 deep elf archers
  3 naga ritualists
  A lindwurm (shapeshifter) (Elf:2)
  8 orc knights
  8 harpies
  15 deep elf pyromancers
  5 shining eyes
  3 mana vipers
  17 deep elf zephyrmancers
  3 orc sorcerers
  A wolf spider (shapeshifter) (Elf:2)
  39 fauns
  11 manticores
  7 merfolk sirens
  A cyclops (Shoals:3)
  2 guardian serpents
  7 black mambas
  4 naga magi
  A rust devil (Gauntlet)
  7 water nymphs
  A torpor snail (Lair:6)
  5 eyes of devastation
  4 cane toads
  Maggie (D:8)
  5 komodo dragons
  7 trolls
  28 merfolk
  A troll (shapeshifter) (Elf:2)
  A hornet (D:9)
  A tarantella (shapeshifter) (Elf:2)
  2 polar bears
  Prince Ribbit (Lair:1)
  6 wind drakes
  A blink frog (shapeshifter) (Elf:2)
  5 blink frogs
  4 dream sheep (Shoals:3)
  43 slime creatures
  6 snapping turtles
  4 shadows
  12 flying skulls (Gauntlet)
  A spriggan (shapeshifter) (Elf:2)
  45 yaks
  5 basilisks
  A wraith (Shoals:1)
  10 water elementals
  5 fire elementals
  3 wyverns
  6 golden eyes
  2 steam dragons
  A human (shapeshifter) (Elf:2)
  Menkaure (D:7)
  18 nagas
  7 wargs
  10 water moccasins
  4 sky beasts
  Pargi (D:4)
  35 orc warriors
  16 wolves
  5 ogres
  5 centaurs
  A kobold brigand (D:7)
  6 bullfrogs
  3 necrophages
  An earth elemental (Elf:1)
  2 scorpions (Orc:1)
  4 killer bees (D:7)
  An electric eel (D:9)
  A howler monkey (D:4)
  4 iron imps (Gauntlet)
  19 orc priests
  A hound (D:4)
  4 jellies
  4 iguanas
  15 orc wizards
  4 gnolls (D:5)
  4 adders
  2 shadow imps
  4 worms
  57 orcs
  3 endoplasms
  3 giant cockroaches
  6 goblins
  A hobgoblin (D:1)
  2 quokkas (D:4)
  8 ball pythons
  2 bats
  2 frilled lizards
  15 kobolds
  5 rats
793 creatures vanquished.

Vanquished Creatures (collateral kills)
  A naga warrior (Snake:4)
  A naga sharpshooter (Snake:4)
  An orc high priest (Orc:2)
  A faun (Shoals:4)
  A salamander (Snake:4)
  A naga mage (Snake:4)
  3 black mambas
  A naga (Snake:4)
  A water moccasin (Lair:6)
  An ogre (Orc:2)
12 creatures vanquished.

Vanquished Creatures (others)
  A great orb of eyes (Slime:1)
  A salamander tyrant (Snake:4)
  A manticore (Shoals:4)
  A merfolk (Shoals:1)
  A water elemental (Elf:1)
  2 bushes (Lair:3)
  44 fungi
  117 plants
168 creatures vanquished.

Grand Total: 973 creatures vanquished

Notes
Turn   | Place    | Note
-------+----------+-------------------------------------------
     0 | D:1      | Flugslaktarn the Human Venom Mage began the quest for the
                  | Orb.
     0 | D:1      | Reached XP level 1. HP: 13/13 MP: 3/3
   108 | D:1      | Reached XP level 2. HP: 10/19 MP: 0/5
   143 | D:1      | Learned a level 2 spell: Poisonous Vapours
   406 | D:1      | Reached XP level 3. HP: 19/24 MP: 3/6
   487 | D:2      | Found a faded altar of an unknown god.
   622 | D:3      | HP: 1/24 [poisoned by an adder]
   666 | D:3      | Identified the +6 short sword "Killer Klown's Foe" {drain,
                  | rPois Dex+4}
   698 | D:3      | Learned a level 3 spell: Mephitic Cloud
   888 | D:2      | Reached XP level 4. HP: 28/30 MP: 1/7
   989 | D:2      | Reached skill level 1 in Conjurations
  1044 | D:3      | Reached skill level 1 in Air Magic
  1261 | D:4      | Reached XP level 5. HP: 19/35 MP: 1/9
  1406 | D:4      | Identified a scroll of acquirement
  1467 | D:4      | Found Hiorih's Weapon Emporium.
  1527 | D:4      | Noticed Pargi
  1816 | D:4      | Killed Pargi
  1817 | D:4      | Reached XP level 6. HP: 41/41 MP: 2/11
  1885 | D:5      | Entered Level 5 of the Dungeon
  1895 | D:5      | Learned a level 4 spell: Olgreb's Toxic Radiance
  1984 | D:5      | Noticed a water moccasin
  1994 | D:5      | Killed a water moccasin
  1995 | D:5      | Reached skill level 5 in Poison Magic
  1995 | D:5      | Reached XP level 7. HP: 46/46 MP: 11/13
  2169 | D:5      | Found a large runed translucent door.
  2180 | D:5      | Found a large runed translucent door.
  2180 | D:5      | Noticed oberejnoburuli's ghost (weakling BaDe)
  2229 | D:5      | Reached XP level 8. HP: 25/52 MP: 4/14
  2279 | D:5      | Reached skill level 1 in Fighting
  2279 | D:5      | Reached skill level 1 in Short Blades
  2381 | D:6      | Found a staircase to the Ecumenical Temple.
  2391 | Temple   | Entered the Ecumenical Temple
  2459 | Temple   | Became a worshipper of Cheibriados the Contemplative
  2517 | D:6      | Identified the +0 quarterstaff of True Grit {elec, Fragile
                  | rElec rN+ Stlth+}
  2716 | D:7      | Noticed a wyvern
  2725 | D:7      | Killed a wyvern
  2726 | D:7      | Reached XP level 9. HP: 40/63 MP: 7/15
  2830 | D:6      | Reached skill level 5 in Dodging
  2939 | D:7      | Reached * piety under Cheibriados
  3002 | D:7      | Noticed Menkaure
  3030 | D:7      | Killed Menkaure
  3061 | D:7      | Acquired the ring "Toka" {Will+ AC+4}
  3066 | D:7      | Acquired 921 gold pieces
  3104 | D:8      | Noticed Maggie
  3117 | D:8      | Killed Maggie
  3118 | D:8      | Reached skill level 5 in Fighting
  3118 | D:8      | Reached skill level 5 in Short Blades
  3172 | D:8      | Found a staircase to the Lair.
  3235 | D:8      | Noticed a two-headed ogre
  3244 | D:8      | Killed a two-headed ogre
  3245 | D:8      | Reached XP level 10. HP: 76/76 MP: 3/16
  3279 | D:8      | Identified the +6 dagger of Sunix {freeze, Str+2 Int+4}
  3287 | D:8      | Learned a level 3 spell: Ignite Poison
  3373 | D:8      | Reached ** piety under Cheibriados
  3468 | D:9      | Noticed a two-headed ogre
  3484 | D:9      | Killed a two-headed ogre
  3485 | D:9      | Reached skill level 5 in Spellcasting
  3519 | D:9      | Reached XP level 11. HP: 68/81 MP: 2/19
  3526 | D:9      | Reached skill level 5 in Transmutations
  3564 | D:9      | Identified the +11 rapier "Hesef" {spect, rF+++ Will+ Int-5
                  | Stlth+}
  3568 | D:9      | Reached *** piety under Cheibriados
  3607 | D:9      | Found a staircase to the Orcish Mines.
  3620 | Orc:1    | Entered Level 1 of the Orcish Mines
  3622 | Orc:1    | Noticed an ettin
  3645 | Orc:1    | Killed an ettin
  3646 | Orc:1    | Reached skill level 5 in Invocations
  3774 | Orc:2    | Entered Level 2 of the Orcish Mines
  3776 | Orc:2    | Noticed an orc knight
  3776 | Orc:2    | Noticed an orc sorcerer
  3777 | Orc:2    | Noticed an orc warlord
  3888 | Orc:2    | Noticed an orc high priest
  3888 | Orc:2    | Noticed an orc knight
  3888 | Orc:2    | Noticed an orc knight
  3888 | Orc:2    | Noticed an orc sorcerer
  3888 | Orc:2    | Found Piagh's Jewellery Shoppe.
  3888 | Orc:2    | Noticed an orc knight
  3896 | Orc:1    | Killed an orc sorcerer
  3916 | Orc:2    | Noticed an orc knight
  4115 | Orc:1    | Reached **** piety under Cheibriados
  4151 | Orc:1    | Found a bloodstained altar of Trog.
  4213 | Orc:1    | Killed an orc knight
  4235 | Orc:2    | Noticed an orc high priest
  4237 | Orc:2    | Noticed a sun demon
  4340 | Orc:2    | Killed an orc high priest
  4406 | Orc:2    | Reached skill level 5 in Evocations
  4409 | Orc:2    | Noticed an orc knight
  4468 | Orc:1    | Reached XP level 12. HP: 88/88 MP: 9/21
  4616 | Orc:1    | Reached skill level 10 in Dodging
  4653 | Orc:2    | Reached skill level 1 in Shields
  4656 | Orc:2    | Reached ***** piety under Cheibriados
  4664 | Orc:2    | Reached skill level 2 in Shields
  4694 | Orc:2    | Found Ceumuon's General Store.
  4715 | Orc:2    | Reached skill level 3 in Shields
  4796 | Orc:2    | Killed an orc high priest
  4797 | Orc:2    | Reached skill level 4 in Shields
  4910 | Orc:2    | Found Paetozut's Antique Weapon Emporium.
  4927 | Orc:2    | Found Lyrashy's Jewellery Emporium.
  5041 | Orc:2    | Found Onley's Antique Armour Shop.
  5060 | Orc:2    | Found a staircase to the Elven Halls.
  5301 | Orc:2    | Bought an amulet of magic regeneration for 420 gold pieces
  5346 | Orc:2    | Bought a ring of resist corrosion for 280 gold pieces
  5531 | Lair:1   | Entered Level 1 of the Lair of Beasts
  5531 | Lair:1   | Noticed Prince Ribbit
  5535 | Lair:1   | Killed Prince Ribbit
  5538 | Lair:1   | Reached XP level 13. HP: 98/98 MP: 18/24
  5560 | Lair:1   | Learned a level 5 spell: Freezing Cloud
  5617 | Lair:1   | You fall into a shaft and drop 1 floor!
  5661 | Lair:2   | Noticed an eight-headed hydra
  5667 | Lair:2   | Reached skill level 1 in Ice Magic
  5669 | Lair:2   | Killed an eight-headed hydra
  5679 | Lair:2   | Found a staircase to the Shoals.
  5892 | Lair:1   | You fall into a shaft and drop 1 floor!
  5953 | Lair:3   | Reached ****** piety under Cheibriados
  6031 | Lair:4   | Reached skill level 5 in Conjurations
  6056 | Lair:4   | Found a gate leading to a gauntlet.
  6071 | Gauntlet | Entered a Gauntlet
  6071 | Gauntlet | Found a transporter.
  6071 | Gauntlet | Found a transporter.
  6073 | Gauntlet | Found a transporter.
  6073 | Gauntlet | Found a transporter.
  6091 | Gauntlet | Found a transporter.
  6147 | Gauntlet | Found a transporter.
  6168 | Gauntlet | Found a transporter.
  6169 | Gauntlet | Found a transporter.
  6172 | Gauntlet | Found a transporter.
  6172 | Gauntlet | Found a transporter.
  6228 | Gauntlet | Noticed a great orb of eyes
  6319 | Gauntlet | Found a runed translucent gate.
  6319 | Gauntlet | Found a runed translucent gate.
  6319 | Gauntlet | Found a runed translucent gate.
  6322 | Gauntlet | Found a transporter.
  6322 | Gauntlet | Found a transporter.
  6382 | Gauntlet | Reached skill level 5 in Air Magic
  6399 | Gauntlet | Identified the +9 trident of Qaeq {vorpal, rCorr MP+9 Str-5
                  | Stlth+}
  6399 | Gauntlet | Noticed a minotaur
  6409 | Gauntlet | Killed a minotaur
  6491 | Lair:4   | Noticed a five-headed hydra
  6501 | Lair:4   | Killed a five-headed hydra
  6502 | Lair:4   | Reached skill level 5 in Ice Magic
  6683 | Orc:1    | Killed an orc warlord
  6764 | Elf:1    | Entered Level 1 of the Elven Halls
  6779 | Elf:1    | Reached XP level 14. HP: 99/105 MP: 17/26
  6864 | Elf:1    | Found Gedoam's Firing Range.
  7017 | Elf:1    | Found Vymifik's Weapon Shop.
  7096 | Elf:2    | Found a runed translucent gate.
  7096 | Elf:2    | Found a runed translucent gate.
  7096 | Elf:2    | Found a runed translucent gate.
  7165 | Elf:3    | Entered Level 3 of the Elven Halls
  7240 | Elf:2    | Noticed an entropy weaver
  7240 | Elf:2    | a tyrant leech changed into an entropy weaver
  7245 | Elf:2    | Noticed a bunyip
  7245 | Elf:2    | a great orb of eyes changed into a bunyip
  7253 | Elf:2    | Noticed a spark wasp
  7253 | Elf:2    | an ice dragon changed into a spark wasp
  7255 | Elf:2    | a spark wasp changed into a jorogumo
  7352 | Elf:2    | Learned a level 2 spell: Passwall
  7545 | Elf:3    | Reached skill level 1 in Earth Magic
  7598 | Elf:3    | Noticed a fire giant
  7600 | Elf:3    | Noticed a fenstrider witch
  7600 | Elf:3    | a fire giant changed into a fenstrider witch
  7601 | Elf:3    | Noticed a frost giant
  7601 | Elf:3    | a fenstrider witch changed into a frost giant
  7601 | Elf:3    | Noticed a fenstrider witch
  7601 | Elf:3    | a frost giant changed into a fenstrider witch
  7602 | Elf:3    | Noticed a stone giant
  7602 | Elf:3    | a fenstrider witch changed into a stone giant
  7609 | Elf:3    | Noticed a caustic shrike
  7609 | Elf:3    | a stone giant changed into a caustic shrike
  7610 | Elf:3    | Noticed a titan
  7610 | Elf:3    | a caustic shrike changed into a titan
  7611 | Elf:3    | Noticed an acid blob
  7611 | Elf:3    | a titan changed into an acid blob
  7613 | Elf:3    | Noticed an iron giant
  7613 | Elf:3    | an acid blob changed into an iron giant
  7616 | Elf:3    | Noticed an acid blob
  7617 | Elf:3    | Noticed an iron giant
  7617 | Elf:3    | an acid blob changed into an iron giant
  7618 | Elf:3    | Noticed an iron dragon
  7618 | Elf:3    | an iron giant changed into an iron dragon
  7619 | Elf:3    | Noticed an iron giant
  7619 | Elf:3    | an iron dragon changed into an iron giant
  7622 | Elf:3    | Noticed a caustic shrike
  7624 | Elf:3    | Noticed a frost giant
  7625 | Elf:3    | a frost giant changed into an alligator snapping turtle
  7662 | Elf:3    | Noticed a deep elf annihilator
  7662 | Elf:3    | Noticed a deep elf elementalist
  7666 | Elf:3    | Noticed a deep elf blademaster
  7666 | Elf:3    | Noticed a deep elf blademaster
  7667 | Elf:3    | Noticed a deep elf annihilator
  7669 | Elf:3    | Killed a deep elf elementalist
  7669 | Elf:3    | Noticed a deep elf sorcerer
  7670 | Elf:3    | Noticed Aizul
  7671 | Elf:3    | Killed a deep elf blademaster
  7671 | Elf:3    | Killed a deep elf blademaster
  7671 | Elf:3    | Noticed a deep elf annihilator
  7671 | Elf:3    | Noticed a deep elf sorcerer
  7671 | Elf:3    | Killed a deep elf sorcerer
  7672 | Elf:3    | Reached XP level 15. HP: 79/114 MP: 7/27
  7672 | Elf:3    | Noticed a deep elf sorcerer
  7673 | Elf:3    | Noticed a deep elf sorcerer
  7676 | Elf:3    | Killed a deep elf sorcerer
  7676 | Elf:3    | Killed a deep elf sorcerer
  7676 | Elf:3    | Killed a deep elf sorcerer
  7676 | Elf:3    | Killed Aizul
  7677 | Elf:3    | Reached skill level 10 in Invocations
  7677 | Elf:3    | Noticed a deep elf master archer
  7679 | Elf:3    | Noticed a deep elf master archer
  7680 | Elf:3    | Reached skill level 10 in Fighting
  7680 | Elf:3    | Noticed a deep elf elementalist
  7681 | Elf:3    | Killed a deep elf master archer
  7682 | Elf:3    | Killed a deep elf master archer
  7767 | Elf:3    | Killed a deep elf elementalist
  7812 | Elf:3    | Reached skill level 1 in Unarmed Combat
  7869 | Elf:3    | Identified the ring "Asuih" {rF+ Will+ Slay+2}
  7871 | Elf:3    | Noticed a cacodemon
  7878 | Elf:3    | Killed a ghostly deep elf sorcerer
  7947 | Elf:3    | Identified the +0 plate armour "Guptoges" {Will+}
  8017 | Elf:3    | Got the Compendium of the Escort and Transmigration
  8018 | Elf:3    | Identified the +1 chain mail "Piyc" {rElec Int+2}
  8054 | Elf:3    | Got the Tome of Sinister Magic
  8117 | Elf:3    | Learned a level 4 spell: Passage of Golubria
  8265 | Elf:1    | Reached skill level 1 in Translocations
  8339 | Elf:1    | Reached skill level 5 in Translocations
  8339 | Elf:1    | Reached XP level 16. HP: 72/122 MP: 17/28
  8409 | Elf:1    | Reached skill level 5 in Shields
  8773 | Shoals:1 | Entered Level 1 of the Shoals
  8797 | Shoals:2 | Reached skill level 6 in Shields
  8853 | Shoals:2 | Reached skill level 8 in Shields
  8865 | Shoals:2 | Reached skill level 9 in Shields
  8915 | Shoals:2 | Reached skill level 10 in Shields
  8964 | Shoals:2 | Identified the +5 quarterstaff of Mandamus {pain, Dex+3}
  9100 | Shoals:1 | Noticed Jorgrun
  9113 | Shoals:1 | Killed Jorgrun
  9114 | Shoals:1 | Reached skill level 11 in Shields
  9166 | Shoals:1 | Noticed Donald
  9182 | Shoals:1 | Killed Donald
  9188 | Shoals:1 | Identified the ring "Exzes" {Will++ rCorr Str+6 Int+3}
  9491 | Shoals:2 | Reached XP level 17. HP: 123/128 MP: 18/30
  9495 | Shoals:2 | Reached skill level 12 in Shields
  9584 | Shoals:3 | Reached skill level 10 in Spellcasting
  9716 | Shoals:3 | Reached skill level 13 in Shields
  9783 | Shoals:4 | Entered Level 4 of the Shoals
  9794 | Shoals:4 | Reached skill level 10 in Short Blades
  9848 | Shoals:4 | Learned a level 6 spell: Death Channel
  9916 | Shoals:4 | Reached skill level 1 in Necromancy
 10018 | Shoals:4 | Noticed a sphinx
 10022 | Shoals:4 | Killed a sphinx
 10024 | Shoals:4 | Reached skill level 5 in Necromancy
 10086 | Shoals:4 | Got a barnacled rune of Zot
 10192 | Shoals:4 | Learned a level 1 spell: Apportation
 10256 | Shoals:3 | Reached skill level 1 in Throwing
 10410 | Lair:3   | Found a staircase to the Snake Pit.
 10417 | Snake:1  | Entered Level 1 of the Snake Pit
 10423 | Snake:1  | Reached XP level 18. HP: 115/134 MP: 32/32
 10566 | Snake:4  | Entered Level 4 of the Snake Pit
 10886 | Snake:4  | Noticed a quicksilver dragon
 10886 | Snake:4  | Noticed a quicksilver dragon
 10890 | Snake:4  | Killed a quicksilver dragon
 10893 | Snake:4  | Killed a quicksilver dragon
 10934 | Snake:4  | Got a serpentine rune of Zot
 11111 | Snake:2  | Reached skill level 10 in Necromancy
 11269 | Lair:6   | Entered Level 6 of the Lair of Beasts
 11305 | Lair:6   | Reached skill level 5 in Throwing
 11538 | Lair:5   | Found a staircase to the Slime Pits.
 11538 | Lair:5   | Found a viscous altar of Jiyva.
 11554 | Slime:1  | Entered Level 1 of the Pits of Slime
 11554 | Slime:1  | Noticed an acid blob
 11554 | Slime:1  | Noticed an acid blob
 11559 | Slime:1  | Noticed an acid blob
 11569 | Slime:1  | Killed an acid blob
 11574 | Slime:1  | Killed an acid blob
 11575 | Slime:1  | Killed an acid blob
 11801 | Slime:2  | Noticed an acid blob
 11807 | Slime:3  | Gained mutation: Armour fits poorly on your strangely
                  | shaped body. [a shining eye]
 11860 | Lair:5   | Learned a level 4 spell: Hailstorm
 11888 | Lair:5   | Killed an acid blob
 11940 | Slime:1  | Gained mutation: Potions are less effective at restoring
                  | your health. [a shining eye]
 11946 | Slime:1  | Reached XP level 19. HP: 91/140 MP: 30/33
 12101 | Slime:5  | Entered Level 5 of the Pits of Slime
 12262 | Slime:5  | Gained mutation: You are dopey. (Int -2) [a shining eye]
 12302 | Slime:5  | Found a viscous altar of Jiyva.
 12302 | Slime:5  | Noticed the Royal Jelly
 12700 | Slime:5  | ENGULF
 12700 | Slime:5  | FUCK OFF
 12700 | Slime:5  | Slain by the Royal Jelly

Illustrated notes

...........##.#.#.#..............
...........####.### #..........J
..........##!##..##[##.........J.
.........##[!)##.#(![##........J.
........##?)$##..##$[)###........
.......##:)φ)$#.##!=)=(##........
.......##($})##..##?"$=###.G.....
......# ##$(#)##J#)#?(## #.......
......#########J@###### #.......
......J..#...#JJJ.#...#..........
.......#...#...J....#...#........
.......########..#########..G....
......####?)#|##.#)#=)## ........
.......##?[[!##..##$"[)#
.......##=[()?#.##[[$}[#
...^....##$}[##..##!|$##
.........##$)!##.#:)(##...


Turn 12700 on Slime:5: ENGULF

Levels and vault maps discovered:
D:1:      dpeg_arrival_simpleton_b, layout_rooms
D:2:      layout_basic, nicolae_ecumenical_lake_church
D:3:      layout_basic
D:4:      layout_loops_ring, serial_bayou, serial_bayou_shore_a,
          serial_bayou_pond_a, serial_bayou_crossing, serial_bayou_pond_d,
          serial_bayou_pond_d, serial_bayou_ford_a, serial_shops, shop_statue,
          kennysheep_generic_room_5, uniq_pargi
D:5:      layout_loops_corners, ebering_ghost_disaster_area
D:6:      layout_cave_pods, minmay_temple_entry_arrows, lemuel_old_faithful
D:7:      layout_basic, mainiacjoe_overflow_tiny_flanked,
          hangedman_decor_peaks_small, uniq_menkaure
D:8:      layout_rooms, dpeg_oklobed_lair, uniq_maggie
D:9:      layout_cave_pools, david_orc_3, minivault_4, minmay_crystal_room
Temple:   mainiacjoe_temple_circle_huts
Lair:1:   layout_long_grid, chequers_serial_rivers_large_a,
          chequers_serial_rivers_micro_d, uniq_prince_ribbit2
Lair:2:   layout_gridlike, elwin_shoals_entry_stream, grunt_megastairs_4,
          lemuel_fruit_tree
Lair:3:   layout_long_grid, minmay_snake_entry_guardpost_medium,
          nicolae_lair_grazing_beasts [nicolae_sub_lair_graze_edge,
          nicolae_sub_lair_graze_edge, nicolae_sub_lair_graze_edge,
          nicolae_sub_lair_graze_edge], lemuel_fruit_fields
Lair:4:   layout_concentric_octagons, gauntlet_entry_generic
Lair:5:   layout_cave_pods, slime_altar_1, chequers_serial_rivers_room_a,
          grunt_megastairs_2, infiniplex_staircase_pool
Lair:6:   due_jungle_book, layout_regular_city, wad_woods_river_01
Shoals:1: layout_shoals, nicolae_shoals_so_close, uniq_donald, uniq_jorgrun
Shoals:2: layout_shoals, nicolae_shoals_enchanted_isle
Shoals:3: cheibrodos_shoals_oceanic_diplomacy, layout_shoals,
          nzn_prometheus_bound
Shoals:4: shoals_end_hellmonk_lost_city
Snake:1:  layout_misc_corridors, serial_bayou_shore_b, uniq_azrael
Snake:2:  layout_onion, nrook_loot_triangle, nicolae_snake_single_loop,
          serial_bayou_shore_b, uniq_louise
Snake:3:  nicolae_sea_snake_s, layout_chambers, serial_shops,
          nicolae_shop_waterfront, uniq_kirke
Snake:4:  hellmonk_snake_rune_quicksilver_temple, layout_grid_shapes,
          serial_bayou_shore_b
Slime:1:  layout_caves
Slime:2:  layout_caves, nicolae_slime_phagocytosis
Slime:3:  layout_caves
Slime:4:  layout_caves
Slime:5
Orc:1:    layout_diamond_mine, trog_butcher_becter
Orc:2:    grunt_orc_gardens, layout_caves, grunt_orc_garden, grunt_orc_garden,
          grunt_orc_garden, grunt_orc_garden, serial_shops,
          nicolae_shop_window_shopping
Elf:1:    elf_arrival_001, layout_gridlike, serial_shops, shop_fountains,
          minivault_28, st_stairs_13, nicolae_shop_firing_range
Elf:2:    elven_hall_of_blades_hangedman_original
          [nicolae_blade_entry_hurt_lockers], layout_onion_city,
          nicolae_elf_shapeshifter_party
Elf:3:    elf_hall, layout_loops_cross, serial_shops, shop, uniq_aizul

Skill      XL: |  1  2  3  4  5  6  7  8  9 10 11 12 13 14 15 16 17 18 19 |
---------------+----------------------------------------------------------+-----
Transmutations | 2 4 5 |  5.0
Conjurations   | 1 2 3 6 |  6.0
Air Magic      | 1 2 6 |  6.0
Spellcasting   | 3 4 5 6 7 8 9 10 | 10.0
Poison Magic   | 4 5 6 7 |  7.0
Fighting       | 3 6 8 9 10 | 10.0
Short Blades   | 3 5 6 11 | 11.2
Dodging        | 4 6 7 8 10 11 12 | 12.0
Invocations    | 4 8 9 12 | 12.0
Evocations     | 5 7 |  7.0
Shields        | 4 11 13 | 13.0
Ice Magic      | 6 8 |  8.0
Earth Magic    | 2 4 |  4.3
Unarmed Combat | 1 |  1.2
Translocations | 5 6 7 9 |  9.0
Necromancy     | 7 11 12 | 12.0
Throwing       | 1 6 8 |  8.6
Stealth        | |  2.0

Action                   |  1- 3 |  4- 6 |  7- 9 | 10-12 | 13-15 | 16-18 | 19-21 || total
-------------------------+-------+-------+-------+-------+-------+-------+-------++-------
Melee: Dagger            |     7 |       |       |       |       |       |       ||     7
       Unarmed           |     1 |       |       |       |       |       |       ||     1
       Short sword       |     6 |    52 |   138 |   382 |   287 |       |       ||   865
       Punch             |     1 |     1 |     4 |       |       |     1 |       ||     7
       Rapier            |       |       |       |       |   119 |   485 |   202 ||   806
Throw: Boomerang         |       |       |       |       |       |       |    14 ||    14
       Throwing net      |       |       |       |       |       |       |     1 ||     1
 Cast: Sting             |    31 |    36 |    13 |    14 |     1 |       |       ||    95
       Poisonous Vapours |     3 |    11 |     7 |    14 |     2 |     2 |       ||    39
       Mephitic Cloud    |       |     3 |     4 |    18 |     7 |    10 |       ||    42
       Olgreb's Toxic Ra |       |       |     8 |    55 |    72 |    92 |       ||   227
       Ignite Poison     |       |       |       |     5 |    26 |    38 |       ||    69
       Freezing Cloud    |       |       |       |       |    11 |    17 |     8 ||    36
       Passwall          |       |       |       |       |    10 |     8 |       ||    18
       Passage of Golubr |       |       |       |       |       |    33 |     5 ||    38
       Apportation       |       |       |       |       |       |    20 |       ||    20
       Death Channel     |       |       |       |       |       |     5 |       ||     5
       Hailstorm         |       |       |       |       |       |       |     2 ||     2
Invok: Bend Time         |       |       |       |     1 |       |       |       ||     1
       Slouch            |       |       |       |       |     6 |    18 |     3 ||    27
       Step From Time    |       |       |       |       |     3 |     3 |       ||     6
Evoke: Wand              |       |       |     4 |    13 |     2 |    21 |     6 ||    46
       Phial of floods   |       |       |       |       |     1 |       |       ||     1
       Phantom mirror    |       |       |       |       |       |     1 |       ||     1
       Condenser vane    |       |       |       |       |       |     1 |       ||     1
  Use: Scroll            |       |     9 |     9 |     7 |     5 |     9 |     2 ||    41
       Potion            |       |       |       |     4 |     5 |     2 |     2 ||    13
 Stab: Confused          |       |     2 |     4 |     9 |     2 |     3 |       ||    20
       Sleeping          |       |       |       |     1 |     4 |     7 |       ||    12
       Paralysed         |       |       |       |       |     3 |     5 |       ||     8
       Distracted        |       |       |       |       |       |     9 |     6 ||    15
Armor: Robe              |     8 |    15 |       |       |       |       |       ||    23
       Troll leather arm |       |     5 |    56 |    86 |    86 |   166 |    37 ||   436
Dodge: Dodged            |    24 |    32 |    73 |   325 |   405 |   634 |   108 ||  1601
Block: Buckler           |       |       |       |   106 |   163 |    45 |       ||   314
       Kite shield       |       |       |       |       |       |   582 |   121 ||   703

Table legend: (Time is in decaauts)
 A = Elapsed time spent in this place.
 B = Non-inter-level travel time spent in this place.
 C = Inter-level travel time spent in this place.
 D = Time resting spent in this place.
 E = Time spent auto-exploring this place.
 F = Levels seen in this place.
 G = Mean time per level.
                   A        B        C        D        E       F      G
               +--------+--------+--------+--------+--------+-----+--------+
         Total |  18459 |  16746 |   1713 |     81 |      0 |  35 |  527.4 |
       Dungeon |   4256 |   3758 |    498 |      0 |      0 |   9 |  472.9 |
        Temple |     96 |     70 |     26 |      0 |      0 |   1 |   96.0 |
          Lair |   2690 |   2535 |    155 |      0 |      0 |   6 |  448.3 |
        Shoals |   2619 |   2469 |    150 |      0 |      0 |   4 |  654.8 |
     Snake Pit |   1128 |   1087 |     41 |      0 |      0 |   4 |  282.0 |
    Slime Pits |   1139 |   1139 |      0 |      0 |      0 |   5 |  227.8 |
  Orcish Mines |   3080 |   2401 |    679 |     81 |      0 |   2 | 1540.0 |
   Elven Halls |   2942 |   2781 |    161 |      0 |      0 |   3 |  980.7 |
      Gauntlet |    506 |    506 |      0 |      0 |      0 |   1 |  506.0 |
               +--------+--------+--------+--------+--------+-----+--------+

Top non-repeatable levels by time:
   Orc:1: 1567 daAuts
   Orc:2: 1512 daAuts
   Elf:3: 1193 daAuts
   Elf:1: 880 daAuts
   Elf:2: 869 daAuts
Shoals:2: 743 daAuts
Shoals:1: 723 daAuts
  Lair:2: 710 daAuts
  Lair:5: 683 daAuts
 Snake:4: 680 daAuts
     D:4: 670 daAuts
Shoals:4: 644 daAuts
     D:3: 554 daAuts
     D:5: 516 daAuts
Shoals:3: 507 daAuts
